 Dungeon Crawl Stone Soup version 0.30.0 (webtiles) character file.

Game seed: 9065411449733837584

190 Adrian566 the Chopper (level 5, -1/47 HPs)
             Began as a Hill Orc Fighter on May 6, 2023.
             Slain by Duvessa
             ... wielding a +0 rapier
              (15 damage)
             ... on level 4 of the Dungeon.
             The game lasted 00:01:57 (1947 turns).

Adrian566 the Chopper (Hill Orc Fighter)            Turns: 1947, Time: 00:01:57

Health: -1/47      AC: 10    Str: 27    XL:     5   Next: 69%
Magic:  5/5        EV: 10    Int:  8    God:
Gold:   189        SH:  4    Dex: 10    Spells: 4/4 levels left

rFire   . . .        a - +0 war axe
rCold   . . .        c - +0 buckler
rNeg    . . .        b - +0 scale mail
rPois   .            (no helmet)
rElec   .            (no cloak)
rCorr   .            f - +0 pair of gloves
SInv    .            i - +1 pair of boots
Will    .....        (no amulet) Stlth
                     g - +6 ring of strength
HPRegen 0.27/turn    (no ring)
MPRegen 0.09/turn

%: no passive effects
@: mighty, flying
A: no striking features
a: no special abilities


You were on level 4 of the Dungeon.
You visited 1 branch of the dungeon, and saw 4 of its levels.

You collected 189 gold pieces.

Inventory:

Hand Weapons
 a - a +0 war axe (weapon)
Armour
 b - a +0 scale mail (worn)
 c - a +0 buckler (worn)
 f - a +0 pair of gloves (worn)
 i - a +1 pair of boots (worn)
Jewellery
 g - a +6 ring of strength (left hand)
Wands
 n - a wand of flame (8)
Scrolls
 e - 2 scrolls of identify
 h - a scroll of teleportation
 k - a scroll of fog
 l - a scroll of blinking
Potions
 d - 2 potions of might
 j - 2 potions of attraction
 o - a potion of curing


   Skills:
 + Level 4.8 Fighting
 + Level 5.1 Axes
 + Level 4.1 Armour
 + Level 0.5 Dodging
 + Level 4.0 Shields


You had 4 spell levels left.
You didn't know any spells.
Your spell library was empty.

Dungeon Overview and Level Annotations

Branches:
Dungeon (4/15)             Temple (0/1) D:4

Altars:
Fedhas
Gozag
Hepliaklqana
Kikubaaqudgha
Makhleb
Qazlal
Ru
Trog
Vehumet
Wu Jian
Yredelemnul
Zin
The Shining One

Annotations:
D:4 Dowan, Duvessa


Message History

Dowan casts a spell.
Dowan blinks!
There is a stone staircase leading down here.
Dowan points at you and mumbles some strange words.
The puff of flame hits you! Duvessa hits you with a +0 rapier.
You hit Duvessa.
Duvessa is lightly wounded.
You hit Dowan but do no damage. Dowan hits you with a +0 dagger.
You block Duvessa's attack.
You slash Duvessa!
Duvessa is moderately wounded.
You slash Dowan! You block Dowan's attack. Duvessa closely misses you.
Duvessa hits you with a +0 rapier! Dowan hits you with a +0 dagger.
You are too injured to fight recklessly!
You are too injured to fight recklessly!
You are too injured to fight recklessly!
You are too injured to fight recklessly!
You are too injured to fight recklessly!
You are too injured to fight recklessly!
You are too injured to fight recklessly!
You are too injured to fight recklessly!
You are too injured to fight recklessly!
You are too injured to fight recklessly!
You are too injured to fight recklessly!
Unknown command.
Dowan gestures at you while chanting. You resist with some effort.
Duvessa drinks a potion.
Duvessa seems to grow stronger.
There is a stone staircase leading down here.
Duvessa attacks as you move away! Duvessa hits you with a +0 rapier.
You feel very mighty all of a sudden. Duvessa hits you but does no damage.
It was a potion of flight.
You feel very buoyant.
You fly up into the air.
Duvessa hits you with a +0 rapier.
* * * LOW HITPOINT WARNING * * *
You barely miss Duvessa.
Duvessa is lightly wounded.
Duvessa hits you with a +0 rapier!
You die...

..## ....... .>.
...# .....# ⌠.⌠
#..## .....# ###
...#.....# #.#
#.......# #.# #...#
#.# #>### ###.#
#####
#.#########...#
#...#
#ee@........###
#.#.#######.#######
#.#.....# #.#
#.#####.# #.#
#.....#.# #†#
###.)<..# #.#
#.#######.#
#.........#
###########


You could see Duvessa (strong) and Dowan.

Vanquished Creatures
  A scorpion (D:4)
  An iguana (D:3)
  A gnoll (D:1)
  2 adders
  2 worms (D:2)
  A dart slug (D:1)
  6 ball pythons
  10 bats
  7 endoplasms
  2 giant cockroaches (D:3)
  8 goblins
  6 hobgoblins
  2 jackals (D:1)
  7 kobolds
  A quokka (D:1)
  5 frilled lizards
  7 rats
69 creatures vanquished.

Notes
Turn   | Place    | Note
-------+----------+-------------------------------------------
     0 | D:1      | Adrian566 the Hill Orc Fighter began the quest for the Orb.
     0 | D:1      | Reached XP level 1. HP: 19/19 MP: 1/1
    76 | D:1      | Reached XP level 2. HP: 21/27 MP: 2/2
   126 | D:1      | Reached skill level 3 in Axes
   199 | D:1      | Reached XP level 3. HP: 31/33 MP: 3/3
   569 | D:2      | Reached XP level 4. HP: 35/40 MP: 4/4
   756 | D:2      | Reached skill level 4 in Axes
  1107 | D:3      | Found a basalt altar of Yredelemnul.
  1108 | D:3      | Found a glowing golden altar of the Shining One.
  1110 | D:3      | Found a glowing silver altar of Zin.
  1113 | D:3      | Found an ancient bone altar of Kikubaaqudgha.
  1114 | D:3      | Found a hazy altar of Hepliaklqana.
  1114 | D:3      | Found a burning altar of Makhleb.
  1114 | D:3      | Found a stormy altar of Qazlal.
  1114 | D:3      | Found a sacrificial altar of Ru.
  1115 | D:3      | Found a bloodstained altar of Trog.
  1116 | D:3      | Found a radiant altar of Vehumet.
  1118 | D:3      | Found an opulent altar of Gozag.
  1119 | D:3      | Found an ornate altar of the Wu Jian Council.
  1120 | D:3      | Found a blossoming altar of Fedhas.
  1493 | D:3      | Reached XP level 5. HP: 47/47 MP: 5/5
  1905 | D:4      | Reached skill level 5 in Axes
  1920 | D:4      | Found a staircase to the Ecumenical Temple.
  1934 | D:4      | Noticed Duvessa
  1934 | D:4      | Noticed Dowan
  1947 | D:4      | Slain by Duvessa

Illustrated notes

Levels and vault maps discovered:
D:1:      ebering_hopf_link, layout_rooms
D:2:      layout_rooms, nrook_campfire, hangedman_abyss_or_decor_lesser_grid
D:3:      layout_loops_ring, minitemple
D:4:      minmay_polygon_palace, layout_basic, temple_doors_e,
          nicolae_ossuary_entry_giza, uniq_duvessa

Skill      XL: |  1  2  3  4  5 |
---------------+----------------+-----
Fighting       | 4 |  4.8
Axes           | 3 4 5 |  5.1
Armour         | 4 |  4.1
Shields        | 4 |  4.0
Dodging        | |  0.5

Action                     |  1- 3 |  4- 6 || total
---------------------------+-------+-------++-------
  Melee: War axe           |    86 |    88 ||   174
    Use: Scroll            |       |     7 ||     7
         Potion            |       |     2 ||     2
 Armour: Scale mail        |    51 |    41 ||    92
  Dodge: Dodged            |    50 |    42 ||    92
  Block: Buckler           |    30 |    22 ||    52
